 Dungeon Crawl Stone Soup version 0.28.0-45-g0d030f2227 (webtiles) character file.

Game seed: 12253175320629254159

239 MisterFreud the Changer (level 5, -6/44 HPs)
             Began as a Draconian Transmuter on Apr 24, 2022.
             Killed by nerve-wracking pain
             ... invoked by Grinder
              (13 damage)
             ... while paralysed by Grinder
             ... on level 4 of the Dungeon.
             The game lasted 00:05:14 (4216 turns).

MisterFreud the Changer (Draconian Transmuter)      Turns: 4216, Time: 00:05:15

Health: -6/44      AC:  5    Str: 12    XL:     5   Next: 79%
Magic:  7/8        EV:  2    Int: 16    God:
Gold:   132        SH:  0    Dex: 11    Spells: 2/8 levels left

rFire   . . .      SeeInvis .     - Unarmed
rCold   . . .      Faith    .   (no shield)
rNeg    . . .      Spirit   .   (armour unavailable)
rPois   .          Reflect  +   (helmet restricted)
rElec   .          Harm     .   (no cloak)
rCorr   .          Rampage  .   (no gloves)
Will    .....                   (no boots)
Stlth   +.........              c - amulet of reflection
HPRegen 0.14/turn               (no ring)
MPRegen 0.11/turn               (no ring)

@: paralysed, brilliant
A: AC +5, unfitting armour, cold-blooded
a: no special abilities


You were on level 4 of the Dungeon.
You visited 1 branch of the dungeon, and saw 4 of its levels.

You collected 132 gold pieces.

Inventory:

Missiles
 h - 7 poisoned darts (quivered)
Jewellery
 c - an amulet of reflection (around neck)
Wands
 k - a wand of digging (1)
Scrolls
 a - a scroll of summoning {unknown}
 d - a scroll of vulnerability {unknown}
 f - a scroll of enchant armour {unknown}
 g - 2 scrolls of identify {unknown}
 i - a scroll of holy word {unknown}
 j - a scroll of fog {unknown}
Potions
 e - a potion of attraction {unknown}


   Skills:
 + Level 2.8 Fighting
 - Level 1.8 Dodging
 + Level 3.9 Unarmed Combat
 - Level 2.0 Spellcasting
 - Level 5.0 Transmutations


You had 2 spell levels left.
You knew the following spells:

 Your Spells              Type           Power      Damage    Failure   Level
a - Beastly Appendage     Tmut           52%        N/A       2%          1
b - Wereblood             Tmut           26%        N/A       4%          2
c - Spider Form           Tmut/Pois      14%        N/A       22%         3

Your spell library contained the following spells:

 Spells                   Type           Power      Damage    Failure   Level
 Magic Dart               Conj           8%         1d3       21%         1
 Call Imp                 Summ           2%         N/A       30%         2
 Mephitic Cloud           Conj/Pois/Air  2%         N/A       52%         3
 Ice Form                 Ice/Tmut       14%        N/A       58%         4


Dungeon Overview and Level Annotations

Branches:
Dungeon (4/15)
 Temple: D:4-7

Altars:
Gozag
Kikubaaqudgha
Zin

Shops:
D:1 *   D:4 [

Annotations:
D:4 Grinder


Innate Abilities, Weirdness & Mutations

Your plain brown scales are hard. (AC +5)
You cannot fit into any form of body armour.
You are cold-blooded and may be slowed by cold attacks.


Message History

Grinder is lightly wounded.
Grinder says, "Tell me all your secrets, or I'll kill you."
Grinder gestures at you. Pain shoots through your body!
You barely miss Grinder.
Grinder is moderately wounded.
Grinder says, "What is the universe for?"
Grinder barely misses you.
You hit Grinder.
Grinder is moderately wounded.
You block Grinder's attack.
You barely miss Grinder.
Grinder is heavily wounded.
Your transformation has ended.
You block Grinder's attack.
You barely miss Grinder.
Your tail-slap misses Grinder.
Grinder is heavily wounded.
An orc comes into view. It is wielding a +0 club.
Grinder gestures at you. Pain shoots through your body!
* * * LOW HITPOINT WARNING * * *
There is a stone staircase leading up here.
Unknown command.
Unknown command.
Unknown command.
It was a potion of brilliance.
You feel clever all of a sudden. Grinder gestures at you.
You suddenly lose the ability to move!
Grinder gestures at you.
You barely resist. Grinder hits you.
* * * LOW HITPOINT WARNING * * *
You writhe in agony.
* * * LOW HITPOINT WARNING * * *
Grinder gestures at you.
You shrug off the repeated paralysis!
Grinder gestures at you. Pain shoots through your body!
You die...

#.............#
####........#
#. #........#
#.. #........#
....
#........##...∩
######.##......
#.##.....#
#######..)..#.#
.......5@.#...#
........o#...##
.$....)....(##
............#
..........###
...?.....##
...!.....#
##.#####.. #.
..


You could see Grinder (poisoned) and an orc.

Vanquished Creatures
  2 orc priests
  An orc wizard (D:2)
  4 gnolls (D:2)
  5 adders
  An ufetubus (D:3)
  A dart slug (D:3)
  10 orcs
  5 ball pythons
  5 bats
  4 endoplasms
  A giant cockroach (D:1)
  2 goblins (D:1)
  3 hobgoblins
  2 jackals (D:1)
  6 kobolds
  A quokka (D:1)
  3 frilled lizards
  6 rats
62 creatures vanquished.

Vanquished Creatures (others)
  A human (D:3)
  4 toadstools (D:1)
5 creatures vanquished.

Grand Total: 67 creatures vanquished

Notes
Turn   | Place    | Note
-------+----------+-------------------------------------------
     0 | D:1      | MisterFreud the Draconian Transmuter began the quest for
                  | the Orb.
     0 | D:1      | Reached XP level 1. HP: 16/16 MP: 3/3
    52 | D:1      | Found Satipah's Assorted Antiques.
   406 | D:1      | Reached XP level 2. HP: 19/23 MP: 3/5
   605 | D:1      | Reached skill level 3 in Transmutations
   713 | D:1      | Found a faded altar of an unknown god.
  1138 | D:2      | Reached XP level 3. HP: 17/28 MP: 6/6
  1141 | D:2      | Learned a level 2 spell: Wereblood
  1145 | D:2      | Learned a level 3 spell: Spider Form
  1722 | D:2      | Reached skill level 4 in Transmutations
  1961 | D:2      | Reached XP level 4. HP: 30/35 MP: 7/7
  2456 | D:3      | Found an ancient bone altar of Kikubaaqudgha.
  2463 | D:3      | Noticed a human
  2464 | D:3      | Killed a human
  2698 | D:3      | Reached skill level 5 in Transmutations
  2772 | D:3      | Reached XP level 5. HP: 24/41 MP: 4/8
  3271 | D:3      | Found an opulent altar of Gozag.
  3409 | D:3      | Found a glowing silver altar of Zin.
  3611 | D:4      | Found Caudet Loguc's Armour Shoppe.
  3889 | D:4      | Noticed Grinder
  4192 | D:4      | Paralysed by Grinder for 5 turns
  4212 | D:4      | Paralysed by Grinder for 7 turns
  4216 | D:4      | Killed from afar by Grinder

Illustrated notes

Levels and vault maps discovered:
D:1:      ldierk_water_garden, layout_loops_ring, ebering_ecumenical_altar_webs,
          serial_shops, shop
D:2:      layout_loops_ring
D:3:      layout_loops_ring, pdpol_temple_overflow_zin_treasury_gozag_greed,
          tgw_kikubaaqudgha, kennysheep_generic_room_16
D:4:      layout_rooms, amcnicky_altar_gilded, minmay_temple_entry_stoned_glass,
          serial_shops, shop, shop, uniq_robin, uniq_grinder, uniq_natasha

Skill      XL: |  1  2  3  4  5 |
---------------+----------------+-----
Transmutations | 3 4 5 |  5.0
Fighting       | 2 |  2.8
Dodging        | |  1.8
Unarmed Combat | |  3.9
Spellcasting   | |  2.0

Action                   |  1- 3 |  4- 6 || total
-------------------------+-------+-------++-------
Melee: Unarmed           |   102 |   122 ||   224
       Kick              |    15 |     1 ||    16
       Headbutt          |     9 |       ||     9
       Tailslap          |     7 |     5 ||    12
       Punch             |     2 |     1 ||     3
Throw: Dart              |     5 |     1 ||     6
 Cast: Beastly Appendage |    19 |     1 ||    20
       Spider Form       |     1 |     8 ||     9
  Use: Potion            |       |     1 ||     1
 Stab: Sleeping          |     1 |     1 ||     2
Armor: Skin              |    30 |    17 ||    47
Dodge: Dodged            |    82 |    91 ||   173
Block: Other             |       |    10 ||    10
